 Dungeon Sprint DCSS version 0.25-a0-59-gf342c8b036 (webtiles) character file.

Game seed: 14242724901092607635, levelgen mode: deterministic

2663 ponchio the Eclecticist (level 9, -27/56 HPs)
             Began as a Deep Elf Fire Elementalist on Oct 28, 2019.
             Was an Elder of Vehumet.
             Annihilated by a death cob (29 damage)
             ... in the Dungeon (Sprint V: "Ziggurat Sprint").
             The game lasted 00:13:00 (491 turns).

ponchio the Eclecticist (Deep Elf Fire Elementalist) Turns: 491, Time: 00:13:00

Health: -27/56     AC:  2    Str:  5    XL:     9   Next: 36%
Magic:  20/37      EV: 18    Int: 42    God:    Vehumet [****..]
Gold:   0          SH:  0    Dex: 15    Spells: 35/41 levels left

rFire    . . .     SeeInvis .   b - +6 Majin-Bo {vamp, Archmagi MP+6 Int+6}
rCold    . . .     Gourm    .   (shield currently unavailable)
rNeg     . . .     Faith    .   a - +0 robe
rPois    .         Spirit   .   (no helmet)
rElec    .         Reflect  .   (no cloak)
rCorr    .         Harm     .   (no gloves)
MR       .....     NoTele   +   (no boots)
Stlth    ++........             (no amulet)
HPRegen  0.18/turn              o - +6 ring of intelligence
MPRegen  0.25/turn              p - +6 ring of intelligence

@: very slightly contaminated, slowed, very slow
A: no striking features
a: Renounce Religion


You were in the Dungeon.
You worshipped Vehumet.
Vehumet was greatly pleased with you.
You were not hungry.

You visited 1 branch

Inventory:

Hand Weapons
 b - the +6 Majin-Bo (weapon) {vamp, Archmagi MP+6 Int+6}
   (You found it in the Dungeon)

   It inflicts no extra harm, but heals its wielder when it wounds a living foe.
   It affects your intelligence (+6).
   It affects your magic capacity (+6).
Armour
 a - a +0 robe (worn)
Magical Staves
 k - an uncursed staff of summoning
 l - a cursed staff of cold
 E - a cursed staff of earth
Jewellery
 j - an uncursed ring of resist corrosion
 m - a +6 ring of dexterity
 n - a +6 ring of dexterity
 o - a +6 ring of intelligence (left hand)
 p - a +6 ring of intelligence (right hand)
Wands
 s - a wand of disintegration (7)
 t - a wand of iceblast (3)
 u - a wand of acid (6)
Scrolls
 i - 3 scrolls of blinking
 v - 4 scrolls of amnesia
 w - 7 scrolls of fog
 x - a scroll of holy word
 y - 5 scrolls of identify
 z - 5 scrolls of remove curse
 A - 2 scrolls of fear
Potions
 d - 10 potions of curing
 e - 10 potions of heal wounds
 f - 6 potions of haste
 g - 7 potions of magic
 h - 3 potions of berserk rage
 B - 2 potions of brilliance
 C - 2 potions of invisibility
 D - 4 potions of resistance
 F - 5 potions of agility
 G - 5 potions of might
Miscellaneous
 q - a fan of gales
Comestibles
 c - 7 rations


   Skills:
 + Level 6.3 Fighting
 + Level 9.5 Dodging
 - Level 2.4 Stealth
 + Level 16.8 Spellcasting
 - Level 11.1 Conjurations
 - Level 5.7 Fire Magic
 - Level 8.0 Evocations


You had 35 spell levels left.
You knew the following spells:

 Your Spells              Type           Power        Failure   Level  Hunger
a - Flame Tongue          Conj/Fire      #####        1%          1    None
b - Fireball              Conj/Fire      ########..   1%          5    None

Your spell library contained the following spells:

 Spells                   Type           Power        Failure   Level  Hunger
 Ignite Poison            Fire/Tmut/Pois ######..     1%          3    None
 Summon Butterflies       Summ           ######..     1%          1    None
 Throw Flame              Conj/Fire      ######       1%          2    None
 Conjure Flame            Conj/Fire      ########     1%          3    None
 Inner Flame              Hex/Fire       ######..     1%          3    None
 Sticky Flame             Conj/Fire      ########     1%          4    None
 Summon Ice Beast         Ice/Summ       ######..     8%          4    None
 Summon Lightning Spire   Summ/Air       ######..     8%          4    None
 Summon Demon             Summ           ######....   22%         5    None
 Summon Forest            Summ/Tloc      ######....   22%         5    None


Dungeon Overview and Level Annotations

Branches:
Dungeon (1/1)

Altars:
Ashenzari
Cheibriados
Dithmenos
Elyvilon
Fedhas
Gozag
Hepliaklqana
Kikubaaqudgha
Makhleb
Nemelex Xobeh
Okawaru
Qazlal
Ru
Sif Muna
Trog
Uskayaw
Vehumet
Wu Jian
Xom
Yredelemnul
Zin
The Shining One
Beogh
Jiyva
Lugonu

Annotations:
D 1 transporter


Message History

Casting: Fireball (safe; 1% risk of failure)
Confirm with . or Enter, or press ? or * to list all spells.
Aiming: Fireball (safe; 1% risk of failure)
Press: ? - help, Shift-Dir - straight line, f - death cob
Aim: a death cob (severely damaged)
You feel a surge of power!
The fireball explodes!
The fireball engulfs the death cob!
The death cob is almost destroyed.
The fireball engulfs the draconian!!!
You kill the draconian!
Vehumet accepts your kill.
You feel your power returning.
Your Fighting skill increases to level 6!
Your Dodging skill increases to level 9!
The fireball engulfs the draconian!!
The draconian is moderately wounded.
* * * LOW HITPOINT WARNING * * *
The death cob hits you!!
Ouch! That really hurt!
You die...

▓.8©8.▓.8©8.▓.8©8.▓
▓..)).▓.[.[.▓.....▓
▓.....▓..=..▓.).|.▓
▓..†..▓.....▓.†...▓
▓.....▓.))).▓.....▓
▓.....▓.....▓..©..▓
▓..©..▓..©..▓▓▓▓▓▓▓
▓▓▓▓▓▓▓▓▓▓▓▓▓▓▓▓▓▓
..8©8...▓..8©8..@▓
........▓..)|).z.▓
...)....▓..)†:...▓
........▓..†.....▓
........▓....d...▓
........▓.▓....▓.▓
...©....▓...§....▓
▓▓▓▓▓▓▓▓▓▓▓▓▓▓▓▓▓▓


You could see a death cob and a draconian.

Vanquished Creatures
  3 draconians (D)
  A rime drake (D)
  3 merfolk (D)
  A polar bear (D)
  2 steam dragons (D)
  2 scorpions (D)
  2 white imps (D)
  A leopard gecko simulacrum (D)
15 creatures vanquished.

Vanquished Creatures (others)
  A rime drake (D)
1 creature vanquished.

Grand Total: 16 creatures vanquished

Notes
Turn   | Place    | Note
-------+----------+-------------------------------------------
     0 | D        | ponchio the Deep Elf Fire Elementalist began the quest for
                  | the Orb.
     0 | D        | Reached XP level 1. HP: 10/10 MP: 6/6
     1 | D        | Found a bloodstained altar of Trog.
     1 | D        | Found a shimmering blue altar of Sif Muna.
     1 | D        | Found a sacrificial altar of Ru.
     1 | D        | Found a stormy altar of Qazlal.
     1 | D        | Found an iron altar of Okawaru.
     8 | D        | Became a worshipper of Vehumet
    12 | D        | Found a sparkling altar of Nemelex Xobeh.
    13 | D        | Found the +7 great mace "Firestarter" {inner flame, rF++}
    13 | D        | Found the +6 Majin-Bo {vamp, Archmagi MP+6 Int+6}
    13 | D        | Found a corrupted altar of Lugonu.
    13 | D        | Found a burning altar of Makhleb.
    13 | D        | Found an ancient bone altar of Kikubaaqudgha.
    13 | D        | Found a transporter.
    13 | D        | Found a viscous altar of Jiyva.
    20 | D        | Found the +6 shillelagh "Devastator" {shatter}
    20 | D        | Found the +11 plutonium sword {*Contam Stlth-}
    20 | D        | Found the +8 lance "Wyrmbane" {slay drac, rPois rF+ rC+
                  | AC+3}
    20 | D        | Found the +9 sword of Zonguldrok {reap}
    20 | D        | Found the cursed +13 scythe of Curses {drain, *Curse}
    20 | D        | Found the +0 sword of Power
    20 | D        | Found the +7 mace of Variability {chain chaos}
    20 | D        | Found the +7 Singing Sword {slice, sonic wave}
    20 | D        | Found the +8 storm bow {elec, penet}
    20 | D        | Found a hazy altar of Hepliaklqana.
    21 | D        | Found the +9 heavy crossbow "Sniper" {velocity, Acc+∞ SInv}
    21 | D        | Found the +10 dark maul {crush}
    21 | D        | Found the +15 Maxwell's patent armour {-Cast -Tele rElec
                  | MR+ rCorr}
    21 | D        | Found the +18 shield of the Gong {rElec rN+ MR+ EV-5}
    21 | D        | Found the cursed +14 obsidian axe {chop, +Fly SInv *Curse}
    52 | D        | Found an opulent altar of Gozag.
    54 | D        | Found a blossoming altar of Fedhas.
    81 | D        | Reached XP level 2. HP: 15/15 MP: 7/9
   105 | D        | Entered arena 2.
   105 | D        | Noticed a scorpion
   105 | D        | Noticed a scorpion
   105 | D        | Found a transporter.
   106 | D        | Killed a scorpion
   106 | D        | Reached skill level 5 in Spellcasting
   106 | D        | Reached XP level 3. HP: 19/19 MP: 9/11
   107 | D        | Killed a scorpion
   107 | D        | Reached skill level 6 in Spellcasting
   107 | D        | Reached skill level 5 in Fire Magic
   107 | D        | Reached XP level 4. HP: 24/24 MP: 10/14
   139 | D        | Entered arena 3.
   139 | D        | Noticed a merfolk
   139 | D        | Noticed a merfolk
   139 | D        | Noticed a merfolk
   139 | D        | Found a transporter.
   142 | D        | Killed a merfolk
   142 | D        | Reached * piety under Vehumet
   142 | D        | Offered knowledge of Shock by Vehumet.
   142 | D        | Reached skill level 10 in Spellcasting
   142 | D        | Reached XP level 5. HP: 28/28 MP: 14/19
   142 | D        | Reached XP level 6. HP: 32/32 MP: 15/21
   142 | D        | Killed a merfolk
   142 | D        | Reached skill level 11 in Spellcasting
   142 | D        | Reached skill level 10 in Conjurations
   142 | D        | Reached XP level 7. HP: 36/36 MP: 19/24
   143 | D        | Killed a merfolk
   143 | D        | Reached skill level 13 in Spellcasting
   180 | D        | Learned a level 5 spell: Fireball
   235 | D        | Entered arena 4.
   235 | D        | Noticed a polar bear
   235 | D        | Found a transporter.
   236 | D        | Reached ** piety under Vehumet
   237 | D        | Killed a polar bear
   237 | D        | Reached skill level 14 in Spellcasting
   323 | D        | Entered arena 5.
   323 | D        | Noticed a steam dragon
   323 | D        | Noticed a rime drake
   323 | D        | Noticed a steam dragon
   323 | D        | Noticed a rime drake
   323 | D        | Found a transporter.
   324 | D        | Killed a rime drake
   324 | D        | Reached XP level 8. HP: 25/44 MP: 27/28
   325 | D        | Killed a rime drake
   325 | D        | Offered knowledge of Sting by Vehumet.
   325 | D        | Reached *** piety under Vehumet
   325 | D        | Reached skill level 5 in Dodging
   325 | D        | Reached skill level 15 in Spellcasting
   327 | D        | Found the +12 Vampire's Tooth {vamp}
   341 | D        | Got the Disquisition on Calling
   486 | D        | Entered arena 6.
   486 | D        | Noticed a death cob
   486 | D        | Noticed a draconian
   486 | D        | Noticed a draconian
   486 | D        | Noticed a draconian
   486 | D        | Noticed a draconian
   486 | D        | Found a transporter.
   488 | D        | Killed a draconian
   488 | D        | Offered knowledge of Ignite Poison by Vehumet.
   488 | D        | Reached XP level 9. HP: 48/53 MP: 27/30
   489 | D        | Killed a draconian
   489 | D        | Reached **** piety under Vehumet
   489 | D        | Reached skill level 5 in Fighting
   489 | D        | Reached skill level 16 in Spellcasting
   491 | D        | Killed a draconian
   491 | D        | HP: 1/56 [the Majin-Bo (4)]
   491 | D        | Annihilated by a death cob

Levels and vault maps discovered:
D:        sprint_v [room_start, room_1, room_2, room_3, room_4, room_5, room_6,
          room_7, room_8, room_9, room_10, room_11, room_12, room_13, room_14,
          room_15, room_16, room_17, room_18, room_19, room_20, room_21,
          room_22, room_23, room_24, room_25, room_26, room_27]

Skill      XL: |  1  2  3  4  5  6  7  8  9 |
---------------+----------------------------+-----
Evocations     | 8 |  8.0
Spellcasting   | 5 6 10 11 14 15 16 | 16.8
Conjurations   | 3 4 8 10 11 | 11.1
Fire Magic     | 4 5 |  5.7
Fighting       | 2 4 6 |  6.3
Dodging        | 4 7 9 |  9.5
Stealth        | |  2.4

Action                   |  1- 3 |  4- 6 |  7- 9 || total
-------------------------+-------+-------+-------++-------
Melee: Great mace        |     1 |       |       ||     1
 Cast: Fireball          |       |       |     8 ||     8
Evoke: Wand              |     1 |     2 |     2 ||     5
  Use: Potion            |     1 |       |       ||     1
       Scroll            |       |       |     1 ||     1
Armor: Robe              |       |       |     2 ||     2
       Plate armour      |       |       |     1 ||     1
Dodge: Dodged            |       |       |     1 ||     1

Table legend:
 A = Non-vault XP
 B = Vault XP
 C = Vault XP percentage of total XP
 D = Non-vault monster count
 E = Vault monster count
 F = Vault count percentage of total count
                 A         B        C        D         E       F
            +---------+---------+-------+---------+---------+-------
      Total |       0 |    3793 | 100.0 |       0 |      16 | 100.0
            +---------+---------+-------+---------+---------+-------
          D |       0 |    3793 | 100.0 |       0 |      16 | 100.0
            +---------+---------+-------+---------+---------+-------
